3AA
RICHLAND RAILS @ ASHEVILLE HIGHLANDERS
08/30/2034
 
TOP OF THE 1ST
Richland Rails batting - Pitching for Asheville Highlanders : RHP Jacob Petithomme
Pitching: RHP Jacob Petithomme
Batting: RHB Hsui-chuan Hong 0-0: Ball
1-0: Bunt for hit - play at first, batter OUT! 1-3
Batting: RHB Pedro Martínez 0-0: Ball
1-0: Called Strike
1-1: Foul Ball, location: 2F
1-2: Ball
2-2: Strikes out swinging
Batting: RHB Bill Hill 0-0: Ball
1-0: Foul Ball, location: 2F
1-1: Foul Ball, location: 2F
1-2: Hit by Pitch
Pinch Runner at 1st Juan Sánchez:
Batting: LHB Júlio Solís 0-0: Ball
1-0: Swinging Strike
1-1: Called Strike
1-2: Strikes out swinging
Top of the 1st over - 0 runs, 0 hits, 0 errors, 1 left on base; Richland 0 - Asheville 0
BOTTOM OF THE 1ST
Asheville Highlanders batting - Pitching for Richland Rails : RHP Dong-hwan Namgung
Pitching: RHP Dong-hwan Namgung
Now in LF: Juan Sánchez
Batting: LHB King Rutledge 0-0: Called Strike
0-1: Ground out 4-3 (Groundball, 4)
Batting: RHB Arnie Taylor 0-0: Ball
1-0: Swinging Strike
1-1: Ground out 4-3 (Groundball, 4S)
Batting: LHB DeMarvion Overshown 0-0: Swinging Strike
0-1: Ground out 4-3 (Groundball, 4)
Bottom of the 1st over - 0 runs, 0 hits, 0 errors, 0 left on base; Richland 0 - Asheville 0
TOP OF THE 2ND
Richland Rails batting - Pitching for Asheville Highlanders : RHP Jacob Petithomme
Batting: RHB Tadamichi Yamamoto 0-0: Ball
1-0: SINGLE (Line Drive, 78S)
Batting: RHB Tak-wai Jia 0-0: Grounds into double play, 6-4-3 (Groundball, 6)
Batting: RHB Jung-heum Ho 0-0: Ground out 5-3 (Groundball, 25)
Top of the 2nd over - 0 runs, 1 hit, 0 errors, 0 left on base; Richland 0 - Asheville 0
BOTTOM OF THE 2ND
Asheville Highlanders batting - Pitching for Richland Rails : RHP Dong-hwan Namgung
Batting: LHB Johnny Carter 0-0: Ball
1-0: Ground out U3 (Groundball, 34)
Batting: RHB Tae-gyoon Ch'oe 0-0: Called Strike
0-1: Ball
1-1: Foul Ball, location: 2F
1-2: SINGLE (Groundball, 6MD)
Batting: RHB Tae-wan Park 0-0: Grounds into double play, 5-4-3 (Groundball, 56)
Bottom of the 2nd over - 0 runs, 1 hit, 0 errors, 0 left on base; Richland 0 - Asheville 0
TOP OF THE 3RD
Richland Rails batting - Pitching for Asheville Highlanders : RHP Jacob Petithomme
Batting: RHB Rick Johnson 0-0: Called Strike
0-1: Ball
1-1: Ball
2-1: Foul Ball, location: 2F
2-2: Foul Ball, location: 2F
2-2: Foul Ball, location: 2F
2-2: Strikes out swinging
Batting: RHB Frank Simon 0-0: Ball
1-0: Fly out, F7 (Flyball, 7S)
Batting: RHB Hsui-chuan Hong 0-0: Called Strike
0-1: Ball
1-1: Foul Ball, location: 2F
1-2: Foul Ball, location: 2F
1-2: Foul Ball, location: 2F
1-2: Ball
2-2: SINGLE (Groundball, 6MD)
Batting: RHB Pedro Martínez 0-0: Ball
Hsui-chuan Hong is caught stealing 2nd base
Top of the 3rd over - 0 runs, 1 hit, 0 errors, 0 left on base; Richland 0 - Asheville 0
BOTTOM OF THE 3RD
Asheville Highlanders batting - Pitching for Richland Rails : RHP Dong-hwan Namgung
Batting: SHB Jeff Lowe 0-0: Ball
1-0: Fly out, F7 (Flyball, 78D)
Batting: SHB José Segura 0-0: Called Strike
0-1: Ball
1-1: Called Strike
1-2: Ball
2-2: Foul Ball, location: 2F
2-2: Ball
3-2: Strikes out swinging
Batting: RHB Yves Girard 0-0: Called Strike
0-1: Swinging Strike
0-2: Foul Ball, location: 2F
0-2: Fly out, F7 (Flyball, 78D)
Bottom of the 3rd over - 0 runs, 0 hits, 0 errors, 0 left on base; Richland 0 - Asheville 0
TOP OF THE 4TH
Richland Rails batting - Pitching for Asheville Highlanders : RHP Jacob Petithomme
Batting: RHB Pedro Martínez 0-0: Ball
1-0: Ball
2-0: Called Strike
2-1: Ground out 6-3 (Groundball, 6)
Batting: RHB Juan Sánchez 0-0: Ball
1-0: Swinging Strike
1-1: Ball
2-1: Ball
3-1: Swinging Strike
3-2: Fly out, F3 (Popup, 3F)
Batting: LHB Júlio Solís 0-0: Called Strike
0-1: Fly out, F8 (Flyball, 89M)
Top of the 4th over - 0 runs, 0 hits, 0 errors, 0 left on base; Richland 0 - Asheville 0
BOTTOM OF THE 4TH
Asheville Highlanders batting - Pitching for Richland Rails : RHP Dong-hwan Namgung
Batting: LHB King Rutledge 0-0: Called Strike
0-1: Ball
1-1: Foul Ball, location: 2F
1-2: Fly out, F1 (Line Drive, 13)
Batting: RHB Arnie Taylor 0-0: Called Strike
0-1: Ball
1-1: Foul Ball, location: 2F
1-2: Fly out, F9 (Flyball, 9D)
Batting: LHB DeMarvion Overshown 0-0: Ball
1-0: Foul Ball, location: 2F
1-1: DOUBLE (Line Drive, 9LM)
Batting: LHB Johnny Carter 0-0: Foul Ball, location: 2F
0-1: Swinging Strike
0-2: Strikes out swinging
Bottom of the 4th over - 0 runs, 1 hit, 0 errors, 1 left on base; Richland 0 - Asheville 0
TOP OF THE 5TH
Richland Rails batting - Pitching for Asheville Highlanders : RHP Jacob Petithomme
Batting: RHB Tadamichi Yamamoto 0-0: Called Strike
0-1: Called Strike
0-2: Ball
1-2: Ball
2-2: Ground out 5-3 (Groundball, 5S)
Batting: RHB Tak-wai Jia 0-0: Ball
1-0: Fly out, F8 (Flyball, 78D)
Batting: RHB Jung-heum Ho 0-0: Ball
1-0: Ball
2-0: Ball
3-0: Called Strike
3-1: Base on Balls
Batting: RHB Rick Johnson 0-0: Fly out, F7 (Flyball, 78S)
Top of the 5th over - 0 runs, 0 hits, 0 errors, 1 left on base; Richland 0 - Asheville 0
BOTTOM OF THE 5TH
Asheville Highlanders batting - Pitching for Richland Rails : RHP Dong-hwan Namgung
Batting: RHB Tae-gyoon Ch'oe 0-0: Fly out, F7 (Line Drive, 7)
Batting: RHB Tae-wan Park 0-0: Ball
1-0: Ground out 6-3 (Groundball, 6S)
Batting: SHB Jeff Lowe 0-0: Ball
1-0: Swinging Strike
1-1: Called Strike
1-2: Ground out 6-3 (Groundball, 6MD)
Bottom of the 5th over - 0 runs, 0 hits, 0 errors, 0 left on base; Richland 0 - Asheville 0
TOP OF THE 6TH
Richland Rails batting - Pitching for Asheville Highlanders : RHP Jacob Petithomme
Batting: RHB Frank Simon 0-0: Called Strike
0-1: Ball
1-1: Foul Ball, location: 2F
1-2: Strikes out swinging
Batting: RHB Hsui-chuan Hong 0-0: Called Strike
0-1: Ball
1-1: Ground out 5-3 (Groundball, 56S)
Batting: RHB Pedro Martínez 0-0: Called Strike
0-1: Ball
1-1: SINGLE (Groundball, 56S) (infield hit)
Batting: RHB Juan Sánchez 0-0: Called Strike
0-1: Foul Ball, location: 2F
0-2: Foul Ball, location: 2F
0-2: Foul Ball, location: 2F
0-2: Strikes out looking
Top of the 6th over - 0 runs, 1 hit, 0 errors, 1 left on base; Richland 0 - Asheville 0
BOTTOM OF THE 6TH
Asheville Highlanders batting - Pitching for Richland Rails : RHP Dong-hwan Namgung
Batting: SHB José Segura 0-0: Ball
1-0: Ball
2-0: Ball
3-0: Foul Ball, location: 2F
3-1: Foul Ball, location: 2F
3-2: SINGLE (Groundball, 6) (infield hit)
Batting: RHB Yves Girard 0-0: Sac Bunt - play at first, batter OUT! 5-3
José Segura to second
Batting: LHB King Rutledge 0-0: Intentional Walk
Batting: RHB Arnie Taylor 0-0: Foul Ball, location: 2F
0-1: Ball
1-1: Ball
2-1: Called Strike
2-2: DOUBLE (Line Drive, 78D)
José Segura scores
King Rutledge to third
Batting: LHB DeMarvion Overshown 0-0: Intentional Walk
Batting: LHB Johnny Carter 0-0: Grounds into fielders choice 6-2 (Groundball, 4)
Arnie Taylor to third
DeMarvion Overshown to second
Batting: RHB Tae-gyoon Ch'oe 0-0: Called Strike
0-1: Foul Ball, location: 2F
0-2: Foul Ball, location: 2F
0-2: Fly out, F8 (Flyball, 8RD)
Bottom of the 6th over - 1 run, 2 hits, 0 errors, 3 left on base; Richland 0 - Asheville 1
TOP OF THE 7TH
Richland Rails batting - Pitching for Asheville Highlanders : RHP Jacob Petithomme
Batting: LHB Júlio Solís 0-0: Ball
1-0: Called Strike
1-1: Ball
2-1: Foul Ball, location: 2F
2-2: SINGLE (Flyball, 78S)
Batting: RHB Tadamichi Yamamoto 0-0: Ball
1-0: Foul Ball, location: 2F
1-1: Called Strike
1-2: Fly out, F8 (Flyball, 78D)
Batting: RHB Tak-wai Jia 0-0: Called Strike
0-1: Swinging Strike
0-2: Ball
1-2: Strikes out looking
Pinch Hitting: RHB José Vargas 0-0: Ball
Júlio Solís is caught stealing 2nd base
Top of the 7th over - 0 runs, 1 hit, 0 errors, 0 left on base; Richland 0 - Asheville 1
BOTTOM OF THE 7TH
Asheville Highlanders batting - Pitching for Richland Rails : RHP Dong-hwan Namgung
Now at 3B: José Vargas
Batting: RHB Tae-wan Park 0-0: Ball
1-0: Called Strike
1-1: DOUBLE (Line Drive, 9LM)
Batting: SHB Jeff Lowe 0-0: Sac Bunt - play at first, batter OUT! 3-4
Tae-wan Park to third
Batting: SHB José Segura 0-0: Ball
1-0: Ground out 6-3 (Groundball, 56)
Pitching: RHP Jim Perry
Pinch Hitting: LHB Govaart Pleijt 0-0: Ball
1-0: Called Strike
1-1: Ball
2-1: Foul Ball, location: 2F
2-2: Ball
3-2: Fly out, F3 (Popup, 3)
Bottom of the 7th over - 0 runs, 1 hit, 0 errors, 1 left on base; Richland 0 - Asheville 1
TOP OF THE 8TH
Richland Rails batting - Pitching for Asheville Highlanders : RHP Jacob Petithomme
Now at 2B: José Palma
Batting: RHB José Vargas 0-0: SINGLE (Flyball, 8LM)
Batting: RHB Rick Johnson 0-0: Sac Bunt - play at first, batter OUT! 1-4
José Vargas to second
Batting: RHB Frank Simon 0-0: Ball
1-0: Fly out, F5 (Popup, 6S)
Batting: RHB Hsui-chuan Hong 0-0: Ball
1-0: Called Strike
1-1: Fly out, F8 (Flyball, 89M)
Top of the 8th over - 0 runs, 1 hit, 0 errors, 1 left on base; Richland 0 - Asheville 1
BOTTOM OF THE 8TH
Asheville Highlanders batting - Pitching for Richland Rails : RHP Jim Perry
Batting: LHB King Rutledge 0-0: Ball
1-0: Ball
2-0: Ground out 6-3 (Groundball, 6D)
Batting: RHB Arnie Taylor 0-0: Ball
1-0: Foul Ball, location: 2F
1-1: Foul Ball, location: 2F
1-2: Ball
2-2: Ball
3-2: Base on Balls
Batting: LHB DeMarvion Overshown 0-0: Ball
Wild Pitch!
Arnie Taylor to second
1-0: Intentional Walk
Batting: LHB Johnny Carter 0-0: Ball
Arnie Taylor steals 3rd base
1-0: Ball
2-0: Called Strike
2-1: Ball
3-1: Base on Balls
DeMarvion Overshown to second
Batting: RHB Tae-gyoon Ch'oe 0-0: Foul Ball, location: 2F
0-1: Called Strike
0-2: Ball
1-2: Strikes out swinging
Batting: RHB Tae-wan Park 0-0: Called Strike
0-1: Foul Ball, location: 2F
0-2: Foul Ball, location: 2F
0-2: Ball
1-2: Ball
2-2: Fly out, F4 (Popup, 4S)
Bottom of the 8th over - 0 runs, 0 hits, 0 errors, 3 left on base; Richland 0 - Asheville 1
TOP OF THE 9TH
Richland Rails batting - Pitching for Asheville Highlanders : RHP Jacob Petithomme
Now in RF: Harley Whitfield
Batting: RHB Pedro Martínez 0-0: Foul Ball, location: 2F
0-1: Ball
1-1: Ball
2-1: Ground out 6-3 (Groundball, 6)
Pitching: RHP José Rosales
Batting: RHB Juan Sánchez 0-0: Called Strike
0-1: Ball
1-1: Swinging Strike
1-2: Ground out 4-3 (Groundball, 4)
Batting: LHB Júlio Solís 0-0: Fly out, F9 (Flyball, 9D)
Top of the 9th over - 0 runs, 0 hits, 0 errors, 0 left on base; Richland 0 - Asheville 1
Friday, March 29th, 2019 - OOTP Baseball 18.8 Build 76